TOP OF THE 1ST |
Orlando Calrissian batting - Pitching for Madison Bombers : LHP Bill Moore
|
Pitching: LHP Bill Moore
|
|
Batting: RHB José Pérez
|
0-0: Called Strike 0-1: Ball 1-1: SINGLE (Line Drive, 4M)
|
Batting: SHB Cristo Ontiveros
|
0-0: Called Strike 0-1: Ball 1-1: Foul Ball, location: 2F 1-2: Strikes out looking
|
Batting: RHB Rich Anderson
|
0-0: Ball José Pérez steals 2nd base 1-0: Ball 2-0: Ball 3-0: Base on Balls
|
Batting: RHB Frederico Hernández
|
0-0: Ball 1-0: Ball 2-0: Called Strike 2-1: Foul Ball, location: 2F 2-2: Ball 3-2: Foul Ball, location: 2F 3-2: Foul Ball, location: 2F 3-2: SINGLE (Groundball, 56D) José Pérez to third Rich Anderson to second Runner from 3rd tries for Home, SAFE, no throw
|
Batting: RHB Enrique Bermúdez
|
0-0: Foul Ball, location: 2F 0-1: Ball 1-1: Fly out, F4 (Line Drive, 4) Lined into DP, 4-6 (Line Drive, 4)
|
Top of the 1st over - 1 run(s), 2 hit(s), 0 error(s), 1 left on base; Orlando 1 - Madison 0 |
BOTTOM OF THE 1ST |
Madison Bombers batting - Pitching for Orlando Calrissian : LHP Arturo Sánchez
|
Pitching: LHP Arturo Sánchez
|
|
Batting: RHB John Denton
|
0-0: Ground out U3 (Groundball, 3L)
|
Batting: SHB Jorge Flores
|
0-0: SINGLE (Groundball, 34D)
|
Batting: RHB Sergio Márquez
|
0-0: Ball 1-0: Fly out, F7 (Line Drive, 78D)
|
Batting: RHB Will Brown
|
0-0: Ball 1-0: Ball 2-0: Swinging Strike 2-1: Fly out, F8 (Flyball, 8RM)
|
Bottom of the 1st over - 0 run(s), 1 hit(s), 0 error(s), 1 left on base; Orlando 1 - Madison 0 |
TOP OF THE 2ND |
Orlando Calrissian batting - Pitching for Madison Bombers : LHP Bill Moore
|
Batting: SHB Brian Price
|
0-0: Foul Ball, location: 2F 0-1: Ball 1-1: Swinging Strike 1-2: Strikes out swinging
|
Batting: RHB Raúl Canó
|
0-0: Ball 1-0: Called Strike 1-1: SINGLE (Flyball, 9LS)
|
Batting: LHB Santiago Márquez
|
0-0: Called Strike 0-1: Ball Raúl Canó steals 2nd base 1-1: Ball 2-1: Foul Ball, location: 2F 2-2: Ball 3-2: Strikes out swinging
|
Batting: RHB John Moore
|
0-0: Ball 1-0: Called Strike 1-1: Ball 2-1: Ground out 5-3 (Groundball, 56)
|
Top of the 2nd over - 0 run(s), 1 hit(s), 0 error(s), 1 left on base; Orlando 1 - Madison 0 |
BOTTOM OF THE 2ND |
Madison Bombers batting - Pitching for Orlando Calrissian : LHP Arturo Sánchez
|
Batting: LHB Mike Callahan
|
0-0: Ground out 1-3 (Groundball, 13S)
|
Batting: RHB Cris Fuentes
|
0-0: SINGLE (Flyball, 8RS)
|
Batting: RHB Juan Costello
|
0-0: Foul Ball, location: 2F 0-1: Ball 1-1: Ball 2-1: Called Strike 2-2: Ball 3-2: Foul Ball, location: 2F 3-2: SINGLE (Line Drive, 8LS) Cris Fuentes to second
|
Batting: SHB Ricardo Arévalo
|
0-0: Ball 1-0: Foul Ball, location: 2F 1-1: Ball 2-1: Ball 3-1: Base on Balls Cris Fuentes to third Juan Costello to second
|
Batting: RHB Pablo Gonzáles
|
0-0: Ball 1-0: SINGLE (Groundball, 34D) Cris Fuentes scores Juan Costello to third Ricardo Arévalo to second Runner from 3rd tries for Home, SAFE, no throw
|
Batting: RHB John Denton
|
0-0: Called Strike 0-1: Ball 1-1: Ball 2-1: Ball 3-1: Base on Balls Ricardo Arévalo to third Pablo Gonzáles to second
|
Batting: SHB Jorge Flores
|
0-0: Called Strike 0-1: Ball 1-1: Ball 2-1: Called Strike 2-2: GRAND SLAM HOME RUN (Line Drive, 7D), Distance : 368 ft
|
Batting: RHB Sergio Márquez
|
0-0: Ball 1-0: Foul Ball, location: 2F 1-1: Foul Ball, location: 2F 1-2: Strikes out looking
|
Batting: RHB Will Brown
|
0-0: Ball 1-0: Ball 2-0: Swinging Strike 2-1: Called Strike 2-2: Ground out 6-3 (Groundball, 6)
|
Bottom of the 2nd over - 6 run(s), 4 hit(s), 0 error(s), 0 left on base; Orlando 1 - Madison 6 |
TOP OF THE 3RD |
Orlando Calrissian batting - Pitching for Madison Bombers : LHP Bill Moore
|
Batting: RHB José Pérez
|
0-0: Ball 1-0: Ball 2-0: Called Strike 2-1: Ground out 6-3 (Groundball, 6S)
|
Batting: SHB Cristo Ontiveros
|
0-0: Foul Ball, location: 2F 0-1: Ball 1-1: Ball 2-1: Ball 3-1: Ground out 5-3 (Groundball, 56)
|
Batting: RHB Rich Anderson
|
0-0: Foul Ball, location: 2F 0-1: Foul Ball, location: 2F 0-2: Ball 1-2: Ball 2-2: Ball 3-2: Ground out 6-3 (Groundball, 6)
|
Top of the 3rd over - 0 run(s), 0 hit(s), 0 error(s), 0 left on base; Orlando 1 - Madison 6 |
BOTTOM OF THE 3RD |
Madison Bombers batting - Pitching for Orlando Calrissian : LHP Arturo Sánchez
|
Batting: LHB Mike Callahan
|
0-0: Foul Ball, location: 2F 0-1: Ball 1-1: Called Strike 1-2: Ball 2-2: Fly out, F7 (Flyball, 7LMF)
|
Batting: RHB Cris Fuentes
|
0-0: Ball 1-0: Ground out 4-3 (Groundball, 4MS)
|
Batting: RHB Juan Costello
|
0-0: Ball 1-0: Ground out 6-3 (Groundball, 6)
|
Bottom of the 3rd over - 0 run(s), 0 hit(s), 0 error(s), 0 left on base; Orlando 1 - Madison 6 |
TOP OF THE 4TH |
Orlando Calrissian batting - Pitching for Madison Bombers : LHP Bill Moore
|
Batting: RHB Frederico Hernández
|
0-0: Ball 1-0: Foul Ball, location: 2F 1-1: Called Strike 1-2: SINGLE (Flyball, 9S)
|
Batting: RHB Enrique Bermúdez
|
0-0: Ball 1-0: Swinging Strike 1-1: SINGLE (Groundball, 56D) Frederico Hernández to second
|
Batting: SHB Brian Price
|
0-0: Fly out, F8 (Flyball, 8RM)
|
Batting: RHB Raúl Canó
|
0-0: Ground out 5-3 (Groundball, 56S) Frederico Hernández to third Enrique Bermúdez to second
|
Batting: LHB Santiago Márquez
|
0-0: Called Strike 0-1: Ball 1-1: SINGLE (Line Drive, 9S) Frederico Hernández scores Enrique Bermúdez to third Runner from 3rd tries for Home, SAFE, no throw
|
Batting: RHB John Moore
|
0-0: Ball 1-0: Called Strike 1-1: SINGLE (Groundball, 4MD) Santiago Márquez to second Runner from 2nd tries for 3rd, SAFE, throw made to third John Moore to second
|
Batting: RHB José Pérez
|
0-0: Called Strike 0-1: Ball Wild Pitch! Santiago Márquez scores John Moore to third 1-1: Ball 2-1: Foul Ball, location: 2F 2-2: Ground out 4-3 (Groundball, 4)
|
Top of the 4th over - 3 run(s), 4 hit(s), 0 error(s), 1 left on base; Orlando 4 - Madison 6 |
BOTTOM OF THE 4TH |
Madison Bombers batting - Pitching for Orlando Calrissian : LHP Arturo Sánchez
|
Batting: SHB Ricardo Arévalo
|
0-0: Called Strike 0-1: Called Strike 0-2: Ball 1-2: Fly out, F9 (Flyball, 9LSF)
|
Batting: RHB Pablo Gonzáles
|
0-0: Called Strike 0-1: Ball 1-1: Ball 2-1: Fly out, F8 (Line Drive, 78M)
|
Pitching: RHP Ramón Soto
|
|
Batting: RHB John Denton
|
0-0: Foul Ball, location: 2F 0-1: Ball 1-1: Ball 2-1: Ground out 2-3 (Groundball, 15S)
|
Bottom of the 4th over - 0 run(s), 0 hit(s), 0 error(s), 0 left on base; Orlando 4 - Madison 6 |
TOP OF THE 5TH |
Orlando Calrissian batting - Pitching for Madison Bombers : LHP Bill Moore
|
Batting: SHB Cristo Ontiveros
|
0-0: Ball 1-0: Called Strike 1-1: Foul Ball, location: 2F 1-2: Ball 2-2: Ball 3-2: Foul Ball, location: 2F 3-2: Foul Ball, location: 2F 3-2: Strikes out looking
|
Batting: RHB Rich Anderson
|
0-0: Ball 1-0: Ball 2-0: Called Strike 2-1: Fly out, F7 (Flyball, 7)
|
Batting: RHB Frederico Hernández
|
0-0: Called Strike 0-1: Ball 1-1: Foul Ball, location: 2F 1-2: Strikes out swinging
|
Top of the 5th over - 0 run(s), 0 hit(s), 0 error(s), 0 left on base; Orlando 4 - Madison 6 |
BOTTOM OF THE 5TH |
Madison Bombers batting - Pitching for Orlando Calrissian : RHP Ramón Soto
|
Batting: SHB Jorge Flores
|
0-0: Ball 1-0: Called Strike 1-1: Called Strike 1-2: Strikes out swinging
|
Batting: RHB Sergio Márquez
|
0-0: Ball 1-0: Ball 2-0: Foul Ball, location: 2F 2-1: Ground out 5-3 (Groundball, 56S)
|
Batting: RHB Will Brown
|
0-0: Ball 1-0: Ball 2-0: Called Strike 2-1: Called Strike 2-2: Fly out, F9 (Flyball, 9)
|
Bottom of the 5th over - 0 run(s), 0 hit(s), 0 error(s), 0 left on base; Orlando 4 - Madison 6 |
TOP OF THE 6TH |
Orlando Calrissian batting - Pitching for Madison Bombers : LHP Bill Moore
|
Batting: RHB Enrique Bermúdez
|
0-0: Fly out, F8 (Flyball, 8RD)
|
Batting: SHB Brian Price
|
0-0: Fly out, F8 (Line Drive, 8RXD)
|
Batting: RHB Raúl Canó
|
0-0: Swinging Strike 0-1: Foul Ball, location: 2F 0-2: Ground out 6-3 (Groundball, 6)
|
Top of the 6th over - 0 run(s), 0 hit(s), 0 error(s), 0 left on base; Orlando 4 - Madison 6 |
BOTTOM OF THE 6TH |
Madison Bombers batting - Pitching for Orlando Calrissian : RHP Ramón Soto
|
Batting: LHB Mike Callahan
|
0-0: Ball 1-0: Ball 2-0: Ball 3-0: Called Strike 3-1: Swinging Strike 3-2: Strikes out swinging
|
Batting: RHB Cris Fuentes
|
0-0: Reached on error, E5 (Groundball, 56)
|
Batting: RHB Juan Costello
|
0-0: Ground out 6-3 (Groundball, 6)
|
Batting: SHB Ricardo Arévalo
|
0-0: Ball 1-0: Foul Ball, location: 2F 1-1: Ball 2-1: Ball 3-1: Base on Balls
|
Batting: RHB Pablo Gonzáles
|
0-0: Ball 1-0: SINGLE (Flyball, 7S) Cris Fuentes to third Ricardo Arévalo to second Runner from 3rd tries for Home, SAFE, throw made home Ricardo Arévalo to third Pablo Gonzáles to second
|
Batting: RHB John Denton
|
0-0: Swinging Strike 0-1: Ball 1-1: Ball 2-1: Ball Wild Pitch! Ricardo Arévalo scores Pablo Gonzáles to third 3-1: Base on Balls
|
Batting: SHB Jorge Flores
|
0-0: SINGLE (Groundball, 4MD) Pablo Gonzáles scores John Denton to second Runner from 2nd tries for 3rd, SAFE, throw made to third
|
Pitching: RHP Gerardo García
|
|
Batting: RHB Sergio Márquez
|
0-0: Ball 1-0: Ball 2-0: Ball 3-0: Base on Balls Jorge Flores to second
|
Batting: RHB Will Brown
|
0-0: Ball 1-0: Ball 2-0: Called Strike 2-1: Foul Ball, location: 2F 2-2: Fielders Choice at 2nd, 5-4 (Groundball, 56)
|
Bottom of the 6th over - 3 run(s), 2 hit(s), 1 error(s), 2 left on base; Orlando 4 - Madison 9 |
TOP OF THE 7TH |
Orlando Calrissian batting - Pitching for Madison Bombers : LHP Bill Moore
|
Pitching: RHP Manny Canseco
|
|
Batting: LHB Santiago Márquez
|
0-0: Ball 1-0: Ground out 4-3 (Groundball, 4M)
|
Batting: RHB John Moore
|
0-0: Ball 1-0: Foul Ball, location: 2F 1-1: Ground out 4-3 (Groundball, 4)
|
Batting: RHB José Pérez
|
0-0: Called Strike 0-1: Ground out 4-3 (Groundball, 4)
|
Top of the 7th over - 0 run(s), 0 hit(s), 0 error(s), 0 left on base; Orlando 4 - Madison 9 |
BOTTOM OF THE 7TH |
Madison Bombers batting - Pitching for Orlando Calrissian : RHP Gerardo García
|
Batting: LHB Mike Callahan
|
0-0: Foul Ball, location: 2F 0-1: Foul Ball, location: 2F 0-2: Ball 1-2: Strikes out looking
|
Batting: RHB Cris Fuentes
|
0-0: Ground out 6-3 (Groundball, 56)
|
Batting: RHB Juan Costello
|
0-0: Ground out 4-3 (Groundball, 4)
|
Bottom of the 7th over - 0 run(s), 0 hit(s), 0 error(s), 0 left on base; Orlando 4 - Madison 9 |
TOP OF THE 8TH |
Orlando Calrissian batting - Pitching for Madison Bombers : RHP Manny Canseco
|
Now at C: John Horton
|
|
Now in CF: Bruce Brooks
|
|
Batting: SHB Cristo Ontiveros
|
0-0: Swinging Strike 0-1: Ball 1-1: Ball 2-1: Ball 3-1: Foul Ball, location: 2F 3-2: Base on Balls
|
Batting: RHB Rich Anderson
|
0-0: Called Strike 0-1: Foul Ball, location: 2F 0-2: Ball 1-2: Ball 2-2: Foul Ball, location: 2F 2-2: Ball 3-2: Base on Balls Cristo Ontiveros to second
|
Batting: RHB Frederico Hernández
|
0-0: Ball 1-0: Called Strike 1-1: Ball 2-1: SINGLE (Groundball, 56D) Cristo Ontiveros to third Rich Anderson to second
|
Pitching: RHP José García
|
|
Batting: RHB Enrique Bermúdez
|
0-0: Ball 1-0: Called Strike 1-1: Fielders Choice at 2nd, 5-4 (Groundball, 5) Cristo Ontiveros scores Rich Anderson to third
|
Pitching: RHP Arturo Leal
|
|
Batting: SHB Brian Price
|
0-0: Ball 1-0: Swinging Strike 1-1: Ball 2-1: Ball 3-1: Base on Balls Enrique Bermúdez to second
|
Batting: RHB Raúl Canó
|
0-0: Called Strike 0-1: Ball 1-1: Foul Ball, location: 2F 1-2: Strikes out looking
|
Pitching: LHP Raúl Sandoval
|
|
Batting: LHB Santiago Márquez
|
0-0: Foul Ball, location: 2F 0-1: Called Strike 0-2: Strikes out swinging
|
Top of the 8th over - 1 run(s), 1 hit(s), 0 error(s), 3 left on base; Orlando 5 - Madison 9 |
BOTTOM OF THE 8TH |
Madison Bombers batting - Pitching for Orlando Calrissian : RHP Gerardo García
|
Batting: RHB Bruce Brooks
|
0-0: Swinging Strike 0-1: Foul Ball, location: 2F 0-2: Fly out, F4 (Line Drive, 4)
|
Batting: RHB Pablo Gonzáles
|
0-0: Fly out, F9 (Flyball, 89M)
|
Batting: RHB John Denton
|
0-0: Ball 1-0: Called Strike 1-1: Foul Ball, location: 2F 1-2: Ball 2-2: Strikes out swinging
|
Bottom of the 8th over - 0 run(s), 0 hit(s), 0 error(s), 0 left on base; Orlando 5 - Madison 9 |
TOP OF THE 9TH |
Orlando Calrissian batting - Pitching for Madison Bombers : LHP Raúl Sandoval
|
Pitching: RHP Ramiro Rivera
|
|
Batting: RHB John Moore
|
0-0: Called Strike 0-1: SINGLE (Groundball, 4D)
|
Batting: RHB José Pérez
|
0-0: SINGLE (Groundball, 6MD) John Moore to second
|
Pitching: LHP Dave Carbone
|
|
Batting: SHB Cristo Ontiveros
|
0-0: Called Strike 0-1: Ball 1-1: Fly out, F9 (Flyball, 89S)
|
Batting: RHB Rich Anderson
|
0-0: Called Strike 0-1: Foul Ball, location: 2F 0-2: SINGLE (Line Drive, 9S) John Moore to third José Pérez to second
|
Batting: RHB Frederico Hernández
|
0-0: Ball 1-0: Ball 2-0: DOUBLE (Flyball, 8RD) John Moore scores José Pérez scores Rich Anderson to third
|
Batting: RHB Enrique Bermúdez
|
0-0: Called Strike 0-1: SINGLE (Groundball, 6MD) Rich Anderson scores Frederico Hernández to third
|
Pinch Hitting: RHB Chet Decker
|
0-0: Ball 1-0: Ball 2-0: Grounds into double play, 6-4-3 (Groundball, 6)
|
Top of the 9th over - 3 run(s), 5 hit(s), 0 error(s), 1 left on base; Orlando 8 - Madison 9 |
|